AoeStats
← 买彩票刮出欠条

Arabia

507635002Analyzed
4v4 RM · 14d ago on Sep 19, 2026· 17m 19s· 8 players
Game mode
Random Map
Map size
Large (8 player)
Population
200
Speed
Normal
Resources
Standard
Victory
Conquest
Starting age
Dark Age
Ending age
Imperial Age
RankedLock teamsTeams togetherTeam positionsShared explorationLock speedFull tech treeHidden civsTurbo modeCheats
Victory
Defeat
🇦🇷 Maya · Argentina
1356
+15
🇲🇽 Goths · Mexico
1351
+15
🇨🇱 Vietnamese · Chile
1325
+16
🇺🇸 Persians · United States
1234
+21
🇺🇸 Magyars · United States
1365
-17
🇨🇳 Maya · China
1363
-18
🇺🇸 Britons · United States
1327
-17
🇹🇷 Franks · Türkiye
1283
-15
ForseenCow
8:53 Feudal Age
8:20 Loom
9:33 Double-Bit Axe
14:05 Wheelbarrow
16:40 Fletching
Thor Odinson
3:20 Loom
11:53 Feudal Age
12:29 Double-Bit Axe
12:26 Horse Collar
17:38 Wheelbarrow
allycankurt600
3:20 Loom
11:07 Feudal Age
17:56 Castle Age
买彩票刮出欠条
0:25 Loom
9:03 Feudal Age
9:49 Double-Bit Axe
14:00 Horse Collar
fidel castrate
9:53 Feudal Age
10:21 Double-Bit Axe
11:03 Horse Collar
11:32 Loom
15:23 Bloodlines
15:40 Scale Barding Armor
synth.stp
7:18 Loom
9:50 Feudal Age
13:31 Double-Bit Axe
15:18 Town Watch
16:04 Fletching
DirtySanchez~
0:28 Loom
9:26 Feudal Age
13:39 Fletching
14:54 Double-Bit Axe
Rubén_Wolfgang
7:32 Loom
9:45 Feudal Age
10:44 Double-Bit Axe
16:27 Forging
Connection lost

Rejoining the realm…

Still unreachable

The connection could not be restored.

Session expired

The server has moved on; the page needs a fresh start.